Avalanche vs Jets
Created - March 14, 2021 at 19:59
Goals
|
| Avalanche |
1 |
2 |
0 |
3 |
| Jets |
1 |
2 |
2 |
5 |
|
Shots
|
| Avalanche |
16 |
9 |
10 |
35 |
| Jets |
14 |
9 |
9 |
32 |
|
1st period
1. Jets , Marcus Johansson 24 (Derek Stepan 28) at 13:05
2. Avalanche , Danny Richmond 3 (Paul Stastny 26, Evgeny Dadonov 16) at 18:08
Penalties :
Robert Hagg (Win) for Hooking (Minor) at 18:17
2nd period
3. Jets , Ryan Johansen 29 (Nino Niederreiter 32, Marcus Johansson 29) at 8:45 (PP)
4. Jets , Erik Haula 9 (Miro Aaltonen 3, Vince Hinostroza 1) at 16:22
5. Avalanche , Patric Hornqvist 29 (Bryan Little 46, Mikkel Boedker 66) at 18:51 (PP)
6. Avalanche , Mikkel Boedker 38 (Bryan Little 47, Patric Hornqvist 33) at 19:05
Penalties :
Marco Scandella (Win) for Hooking (Minor) at 1:26, James Van Riemsdyk (Col) for High sticking (Double Minor) at 7:27, James Van Riemsdyk (Col) for Roughing (Minor) at 14:08, Tyler Myers (Win) for Roughing (Minor) at 18:37
3rd period
7. Jets , Nino Niederreiter 27 (Derek Stepan 29, Tyler Myers 25) at 1:26
8. Jets , Victor Hedman 9 (Erik Haula 20, Miro Aaltonen 4) at 16:23
Penalties :
Mattias Ekholm (Col) for Tripping (Minor) at 1:55, Nino Niederreiter (Win) for Tripping (Minor) at 17:43, Patric Hornqvist (Col) for Interference (Minor) at 0:00
Goalie Stats
Cam Ward (Col), 27 saves from 32 shots - (0.844), L, 14-9-0, 60:00 minutes
Jacob Markstrom (Win), 32 saves from 35 shots - (0.914), W, 13-18-4, 60:00 minutes
Players Stats for Avalanche
Player Name G A P +/- PIM S H SB GA TA FO MP PP MP PK MP
------------------------------------------------------------------------------------
Andrew Ladd 0 0 0 -1 0 2 1 0 0 1 0/0 15:09 0:00 2:59
Bryan Little 0 2 2 -1 0 2 3 2 0 0 14/24 18:39 3:35 0:00
Charlie Coyle 0 0 0 -2 0 2 0 1 0 0 6/12 16:32 0:06 3:58
Colten Teubert 0 0 0 -1 0 2 2 1 0 0 0/0 21:34 2:16 3:27
Danny Richmond 1 0 1 1 0 2 0 0 0 0 0/0 12:40 0:00 0:51
Erik Karlsson 0 0 0 -1 0 1 1 1 0 0 0/0 19:20 3:55 0:00
Evgeny Dadonov 0 1 1 1 0 2 1 0 2 0 2/3 15:15 2:36 0:00
Jack Johnson 0 0 0 -2 0 1 1 0 0 1 0/0 25:24 2:16 3:48
James Van Riemsdyk 0 0 0 0 6 2 2 1 1 0 0/0 15:29 2:36 0:00
Kyle Turris 0 0 0 0 0 2 2 0 0 1 3/4 8:50 0:00 2:25
Luke Witkowski 0 0 0 -1 0 1 0 0 1 0 0/0 10:33 0:00 3:52
Marc Staal 0 0 0 -2 0 3 2 5 0 0 0/0 27:29 3:55 3:48
Mattias Ekholm 0 0 0 1 2 1 1 0 0 0 0/0 13:32 0:00 2:36
Mikkel Boedker 1 1 2 -1 0 5 1 0 0 1 2/2 18:39 3:35 0:00
Patric Hornqvist 1 1 2 -1 2 3 2 4 0 0 0/2 18:30 3:29 0:00
Paul Stastny 0 1 1 1 0 3 2 1 2 1 9/13 15:15 2:36 0:00
Peter Prucha 0 0 0 -1 0 1 2 0 1 0 1/3 13:27 0:00 1:16
Tomas Tatar 0 0 0 0 0 0 1 0 0 0 0/0 6:25 0:00 0:00
Players Stats for Jets
Player Name G A P +/- PIM S H SB GA TA FO MP PP MP PK MP
------------------------------------------------------------------------------------
Adam Henrique 0 0 0 -1 0 4 0 0 0 0 0/0 19:19 3:23 0:00
Corey Perry 0 0 0 -1 0 0 3 0 0 1 0/0 19:19 3:23 0:00
Derek Stepan 0 2 2 2 0 4 1 0 0 1 9/17 16:51 3:23 0:00
Dougie Hamilton 0 0 0 0 0 0 1 0 0 0 0/0 19:57 2:39 3:40
Erik Haula 1 1 2 2 0 3 3 0 1 0 1/1 12:09 0:00 2:28
Jimmy Vesey 0 0 0 -1 0 2 0 0 0 0 0/1 7:13 0:00 0:00
Marco Scandella 0 0 0 2 2 0 0 0 0 0 0/0 20:15 2:39 1:20
Marcus Johansson 1 1 2 2 0 5 0 0 1 0 0/1 18:19 3:52 1:00
Michael Matheson 0 0 0 -1 0 1 1 0 0 0 0/0 13:24 0:00 1:25
Miro Aaltonen 0 2 2 2 0 2 0 0 1 0 4/10 9:41 0:00 0:00
Nino Niederreiter 1 1 2 2 2 3 4 0 1 0 1/1 18:40 3:52 1:11
Noel Acciari 0 0 0 -1 0 0 1 2 0 0 2/5 10:59 0:00 3:35
Robert Hagg 0 0 0 1 2 0 0 0 0 2 0/0 15:57 0:00 0:14
Ronalds Kenins 0 0 0 -1 0 0 0 3 0 0 1/2 11:05 0:00 3:35
Ryan Johansen 1 0 1 -1 0 3 1 0 0 1 8/25 20:26 3:52 0:33
Tyler Myers 0 1 1 1 2 1 5 0 0 0 0/0 26:15 4:36 3:16
Victor Hedman 1 0 1 1 0 4 0 0 1 2 0/0 24:15 4:36 2:27
Vince Hinostroza 0 1 1 2 0 0 0 0 0 0 0/0 9:41 0:00 0:00
3 Stars
1 - Erik Haula (Win)
2 - Nino Niederreiter (Win)
3 - Marcus Johansson (Win)
Power Play
Avalanche - 1 on 4 Attempt(s) - 25.00%
Jets - 1 on 5 Attempt(s) - 20.00%
Penalty Kill
Avalanche - 4 on 5 Attempt(s) - 80.00%
- Score 0 goal in Penalty Kill
Jets - 3 on 4 Attempt(s) - 75.00%
- Score 0 goal in Penalty Kill
Team Stat
Avalanche - Hits : 24 - Faceoff Wins : 37 - Blocked Shots : 16 - Penalty Minutes : 10
Jets - Hits : 20 - Faceoff Wins : 26 - Blocked Shots : 5 - Penalty Minutes : 8
Official
Referees : Unknown
Linesman : Unknown
Game Notes
No Game Note
Finance
Level 1 -- Attendance: 6000 (100.00%) -- Ticket Income $630,000
Level 2 -- Attendance: 5000 (100.00%) -- Ticket Income $325,000
Level 3 -- Attendance: 1800 (90.00%) -- Ticket Income $75,600
Level 4 -- Attendance: 4000 (100.00%) -- Ticket Income $96,000
Luxury Box -- Attendance: 921 (92.10%) -- Ticket Income $167,622
Game was played at the MTS Center.
Total Attendance: 17721 (98.45%)
Total Ticket Income: $1,294,222
Other Income: $194,133
Total Income: $1,488,355
Avalanche
5 vs 5 Forward
Center Left Wing Right Wing Time % Phy DF OF
1 Bryan Little Mikkel Boedker Patric Hornqvist 35 1 2 2
2 Paul Stastny James Van Riemsdyk Evgeny Dadonov 30 1 2 2
3 Charlie Coyle Andrew Ladd Peter Prucha 25 1 2 2
4 Kyle Turris Tomas Tatar Luke Witkowski 10 1 2 2
5 vs 5 Defense
Defense Defense Time % Phy DF OF
1 Jack Johnson Marc Staal 40 1 2 2
2 Erik Karlsson Colten Teubert 35 1 2 2
3 Mattias Ekholm Danny Richmond 25 1 2 2
4 Jack Johnson Marc Staal 0 1 2 2
PowerPlay Forward
Center Left Wing Right Wing Time % Phy DF OF
1 Bryan Little Mikkel Boedker Patric Hornqvist 60 1 2 2
2 Paul Stastny James Van Riemsdyk Evgeny Dadonov 40 1 2 2
PowerPlay Defense
Defense Defense Time % Phy DF OF
1 Erik Karlsson Marc Staal 60 1 2 2
2 Jack Johnson Colten Teubert 40 1 2 2
Penalty Kill 4 Players Forward
Center Wing Time % Phy DF OF
1 Charlie Coyle Luke Witkowski 60 1 2 2
2 Kyle Turris Andrew Ladd 40 1 2 2
Penalty Kill 4 Players Defense
Defense Defense Time % Phy DF OF
1 Jack Johnson Marc Staal 60 1 2 2
2 Mattias Ekholm Colten Teubert 40 1 2 2
Penalty Kill - 3 Players Forward
Forward Time % Phy DF OF
1 Mikkel Boedker 60 1 2 2
2 Patric Hornqvist 40 1 2 2
Penalty Kill - 3 Players Defense
Defense Defense Time % Phy DF OF
1 Jack Johnson Marc Staal 60 1 2 2
2 Erik Karlsson Colten Teubert 40 1 2 2
4 vs 4 Forward
Center Wing Time % Phy DF OF
1 Mikkel Boedker Patric Hornqvist 60 1 2 2
2 Bryan Little Paul Stastny 40 1 2 2
4 vs 4 Defense
Defense Defense Time % Phy DF OF
1 Jack Johnson Marc Staal 60 1 2 2
2 Erik Karlsson Colten Teubert 40 1 2 2
Last Minutes Offensive
Center Left Wing Right Wing Defense Defense
Bryan Little Mikkel Boedker Patric Hornqvist Jack Johnson Erik Karlsson
Last Minutes Defensive
Center Left Wing Right Wing Defense Defense
Bryan Little Mikkel Boedker Patric Hornqvist Jack Johnson Marc Staal
Goaltenders
Starting : Cam Ward
Backup : Semyon Varlamov
Extra Forwards
Normal : Charlie Coyle, Andrew Ladd, Peter Prucha - PP : Charlie Coyle, Andrew Ladd - PK : Peter Prucha
Extra Defensemen
Normal : Mattias Ekholm, Danny Richmond, Erik Karlsson - PP : Mattias Ekholm - PK : Danny Richmond, Erik Karlsson
Penalty Shots
Mikkel Boedker, Patric Hornqvist, Bryan Little, Paul Stastny, Evgeny Dadonov
Scratches
None
Jets
5 vs 5 Forward
Center Left Wing Right Wing Time % Phy DF OF
1 Ryan Johansen Adam Henrique Corey Perry 40 1 2 2
2 Derek Stepan Marcus Johansson Nino Niederreiter 30 1 2 2
3 Miro Aaltonen Erik Haula Vince Hinostroza 20 1 2 2
4 Noel Acciari Ronalds Kenins Jimmy Vesey 10 1 2 2
5 vs 5 Defense
Defense Defense Time % Phy DF OF
1 Victor Hedman Tyler Myers 40 1 2 2
2 Robert Hagg Marco Scandella 35 1 2 2
3 Dougie Hamilton Michael Matheson 25 0 2 3
4 Victor Hedman Marco Scandella 0 1 2 2
PowerPlay Forward
Center Left Wing Right Wing Time % Phy DF OF
1 Ryan Johansen Marcus Johansson Nino Niederreiter 55 1 0 4
2 Derek Stepan Adam Henrique Corey Perry 45 1 0 4
PowerPlay Defense
Defense Defense Time % Phy DF OF
1 Victor Hedman Tyler Myers 60 0 1 4
2 Dougie Hamilton Marco Scandella 40 0 1 4
Penalty Kill 4 Players Forward
Center Wing Time % Phy DF OF
1 Noel Acciari Ronalds Kenins 60 1 3 1
2 Erik Haula Nino Niederreiter 40 1 3 1
Penalty Kill 4 Players Defense
Defense Defense Time % Phy DF OF
1 Dougie Hamilton Tyler Myers 60 1 4 0
2 Victor Hedman Marco Scandella 40 1 4 0
Penalty Kill - 3 Players Forward
Forward Time % Phy DF OF
1 Erik Haula 60 1 2 2
2 Nino Niederreiter 40 1 2 2
Penalty Kill - 3 Players Defense
Defense Defense Time % Phy DF OF
1 Tyler Myers Dougie Hamilton 60 1 2 2
2 Marco Scandella Victor Hedman 40 1 2 2
4 vs 4 Forward
Center Wing Time % Phy DF OF
1 Ryan Johansen Adam Henrique 60 1 2 2
2 Derek Stepan Nino Niederreiter 40 1 2 2
4 vs 4 Defense
Defense Defense Time % Phy DF OF
1 Dougie Hamilton Tyler Myers 60 1 2 2
2 Victor Hedman Marco Scandella 40 1 2 2
Last Minutes Offensive
Center Left Wing Right Wing Defense Defense
Ryan Johansen Adam Henrique Nino Niederreiter Victor Hedman Tyler Myers
Last Minutes Defensive
Center Left Wing Right Wing Defense Defense
Ryan Johansen Erik Haula Nino Niederreiter Marco Scandella Tyler Myers
Goaltenders
Starting : Jacob Markstrom
Backup : Jonathan Bernier
Extra Forwards
Normal : Nino Niederreiter, Corey Perry, Adam Henrique - PP : Nino Niederreiter, Corey Perry - PK : Nino Niederreiter
Extra Defensemen
Normal : Victor Hedman, Marco Scandella, Dougie Hamilton - PP : Tyler Myers - PK : Michael Matheson, Marco Scandella
Penalty Shots
Nino Niederreiter, Corey Perry, Adam Henrique, Ryan Johansen, Erik Haula
Scratches
None
% Time on Ice - Avalanche
Lines # - Real PCT - Wanted PCT - Time Play
Normal Forward
1 - 33% - 35% - 15:20
2 - 27% - 30% - 12:39
3 - 26% - 25% - 12:10
4 - 14% - 10% - 6:25
Normal Defense
1 - 42% - 40% - 19:46
2 - 34% - 35% - 15:51
3 - 24% - 25% - 10:57
4 - 0% - 0% - 0:00
PP Forward
1 - 58% - 60% - 3:35
2 - 42% - 40% - 2:36
PP Defense
1 - 63% - 60% - 3:55
2 - 37% - 40% - 2:16
PK Forward
1 - 71% - 60% - 5:09
2 - 29% - 40% - 2:06
PK Defense
1 - 52% - 60% - 3:48
2 - 48% - 40% - 3:27
PK3 Forward
1 - 0% - 60%
2 - 0% - 40%
PK3 Defense
1 - 0% - 60%
2 - 0% - 40%
44 Forward
1 - 0% - 60%
2 - 0% - 40%
44 Defense
1 - 0% - 60%
2 - 0% - 40%
Last Minute Offensive - 0:00
Last Minute Defensive - 0:00
Total
Forward - 60:00
Defense - 60:00
|
% Time on Ice - Jets
Lines # - Real PCT - Wanted PCT - Time Play
Normal Forward
1 - 35% - 40% - 16:12
2 - 29% - 30% - 13:28
3 - 21% - 20% - 9:41
4 - 15% - 10% - 7:13
Normal Defense
1 - 40% - 40% - 18:24
2 - 35% - 35% - 16:17
3 - 26% - 25% - 11:53
4 - 0% - 0% - 0:00
PP Forward
1 - 53% - 55% - 3:52
2 - 47% - 45% - 3:23
PP Defense
1 - 63% - 60% - 4:36
2 - 37% - 40% - 2:39
PK Forward
1 - 71% - 60% - 4:24
2 - 29% - 40% - 1:47
PK Defense
1 - 57% - 60% - 3:30
2 - 43% - 40% - 2:41
PK3 Forward
1 - 0% - 60%
2 - 0% - 40%
PK3 Defense
1 - 0% - 60%
2 - 0% - 40%
44 Forward
1 - 0% - 60%
2 - 0% - 40%
44 Defense
1 - 0% - 60%
2 - 0% - 40%
Last Minute Offensive - 0:00
Last Minute Defensive - 0:00
Total
Forward - 60:00
Defense - 60:00
|
Play-by-Play
1st period
0:01 of 1st period - Ryan Johansen wins face-off versus Patric Hornqvist in neutral zone.
0:10 of 1st period - Snap shot by Adam Henrique.
0:10 of 1st period - Shot Blocked by Marc Staal.
0:12 of 1st period - Wrist shot by Tyler Myers.
0:12 of 1st period - Stopped by Cam Ward with a rebound.
0:14 of 1st period - Wrist shot by Corey Perry.
0:14 of 1st period - Shot Hit the Post.
0:49 of 1st period - Off-side.
0:50 of 1st period - Miro Aaltonen wins face-off versus Charlie Coyle in neutral zone.
1:28 of 1st period - Snap shot by Charlie Coyle.
1:28 of 1st period - Shot Misses the Net.
1:30 of 1st period - Slapshot by Colten Teubert.
1:30 of 1st period - Deflect By Peter Prucha.
1:30 of 1st period - Shot Blocked by Ronalds Kenins.
1:30 of 1st period - Puck is out of play.
1:31 of 1st period - Kyle Turris wins face-off versus Ryan Johansen in Jets zone.
2:06 of 1st period - Snap shot by Derek Stepan.
2:06 of 1st period - Shot Blocked by Patric Hornqvist.
2:08 of 1st period - Snap shot by Marcus Johansson.
2:08 of 1st period - Stopped by Cam Ward with a rebound.
2:10 of 1st period - Slapshot by Michael Matheson.
2:10 of 1st period - Stopped by Cam Ward without a rebound.
2:11 of 1st period - Paul Stastny wins face-off versus Miro Aaltonen in Avalanche zone.
2:26 of 1st period - Snap shot by Jack Johnson.
2:26 of 1st period - Shot Misses the Net.
3:00 of 1st period - Off-side.
3:01 of 1st period - Charlie Coyle wins face-off versus Derek Stepan in neutral zone.
3:10 of 1st period - Slapshot by Charlie Coyle.
3:10 of 1st period - Stopped by Jacob Markstrom with a rebound.
3:16 of 1st period - Mattias Ekholm is hit by Nino Niederreiter and loses puck.
3:27 of 1st period - Ronalds Kenins is hit by Paul Stastny and loses puck.
3:34 of 1st period - Wrist shot by Evgeny Dadonov.
3:34 of 1st period - Stopped by Jacob Markstrom without a rebound.
3:35 of 1st period - Bryan Little wins face-off versus Ryan Johansen in Jets zone.
4:01 of 1st period - Icing by Jack Johnson.
4:02 of 1st period - Evgeny Dadonov wins face-off versus Derek Stepan in Avalanche zone.
4:15 of 1st period - Icing by Derek Stepan.
4:16 of 1st period - Derek Stepan wins face-off versus Bryan Little in Jets zone.
4:59 of 1st period - Snap shot by Derek Stepan.
4:59 of 1st period - Stopped by Cam Ward with a rebound.
5:01 of 1st period - Snap shot by Marcus Johansson.
5:01 of 1st period - Shot Misses the Net.
5:03 of 1st period - Snap shot by Derek Stepan.
5:03 of 1st period - Stopped by Cam Ward with a rebound.
5:05 of 1st period - Slapshot by Nino Niederreiter.
5:05 of 1st period - Stopped by Cam Ward with a rebound.
5:07 of 1st period - Snap shot by Victor Hedman.
5:07 of 1st period - Shot Misses the Net.
5:11 of 1st period - Snap shot by Derek Stepan.
5:11 of 1st period - Shot Misses the Net.
5:13 of 1st period - Slapshot by Victor Hedman.
5:13 of 1st period - Stopped by Cam Ward with a rebound.
5:35 of 1st period - Snap shot by Derek Stepan.
5:35 of 1st period - Stopped by Cam Ward with a rebound.
5:37 of 1st period - Snap shot by Derek Stepan.
5:37 of 1st period - Stopped by Cam Ward with a rebound.
5:39 of 1st period - Wrist shot by Nino Niederreiter.
5:39 of 1st period - Stopped by Cam Ward with a rebound.
5:41 of 1st period - Slapshot by Marcus Johansson.
5:41 of 1st period - Shot Misses the Net.
5:43 of 1st period - Snap shot by Tyler Myers.
5:43 of 1st period - Shot Misses the Net.
5:45 of 1st period - Slapshot by Victor Hedman.
5:45 of 1st period - Stopped by Cam Ward without a rebound.
5:46 of 1st period - Paul Stastny wins face-off versus Ryan Johansen in Avalanche zone.
5:46 of 1st period - Paul Stastny is hit by Corey Perry.
6:38 of 1st period - Slapshot by Erik Karlsson.
6:38 of 1st period - Shot Blocked by Ronalds Kenins.
7:00 of 1st period - Michael Matheson is hit by Evgeny Dadonov and loses puck.
8:03 of 1st period - Wrist shot by Erik Haula.
8:03 of 1st period - Shot Misses the Net.
9:00 of 1st period - Derek Stepan is hit by Tomas Tatar and loses puck.
9:17 of 1st period - Dougie Hamilton is hit by Colten Teubert and loses puck.
9:26 of 1st period - Wrist shot by James Van Riemsdyk.
9:26 of 1st period - Shot Misses the Net.
9:28 of 1st period - Slapshot by Danny Richmond.
9:28 of 1st period - Stopped by Jacob Markstrom without a rebound.
9:29 of 1st period - Bryan Little wins face-off versus Ryan Johansen in Jets zone.
9:46 of 1st period - Snap shot by Patric Hornqvist.
9:46 of 1st period - Shot Misses the Net.
9:58 of 1st period - Wrist shot by Miro Aaltonen.
9:58 of 1st period - Stopped by Cam Ward without a rebound.
9:59 of 1st period - Charlie Coyle wins face-off versus Miro Aaltonen in Avalanche zone.
10:26 of 1st period - Icing by Adam Henrique.
10:27 of 1st period - Paul Stastny wins face-off versus Ryan Johansen in Jets zone.
10:28 of 1st period - Snap shot by James Van Riemsdyk.
10:28 of 1st period - Stopped by Jacob Markstrom without a rebound.
10:29 of 1st period - Ryan Johansen wins face-off versus Paul Stastny in Jets zone.
10:29 of 1st period - Ryan Johansen is hit by James Van Riemsdyk.
10:43 of 1st period - Snap shot by James Van Riemsdyk.
10:43 of 1st period - Stopped by Jacob Markstrom with a rebound.
10:47 of 1st period - Wrist shot by Paul Stastny.
10:47 of 1st period - Shot Misses the Net.
10:49 of 1st period - Slapshot by Colten Teubert.
10:49 of 1st period - Stopped by Jacob Markstrom without a rebound.
10:50 of 1st period - Bryan Little wins face-off versus Derek Stepan in Jets zone.
10:53 of 1st period - Wrist shot by Patric Hornqvist.
10:53 of 1st period - Stopped by Jacob Markstrom without a rebound.
10:54 of 1st period - Bryan Little wins face-off versus Derek Stepan in Jets zone.
11:15 of 1st period - Marcus Johansson is hit by Patric Hornqvist and loses puck.
13:05 of 1st period - Snap shot by Marcus Johansson.
13:05 of 1st period - Goal by Marcus Johansson - Avalanche : 0 - Jets : 1.
13:06 of 1st period - Paul Stastny wins face-off versus Ryan Johansen in neutral zone.
13:39 of 1st period - Vince Hinostroza is hit by Peter Prucha.
14:53 of 1st period - Slapshot by Adam Henrique.
14:53 of 1st period - Stopped by Cam Ward with a rebound.
15:16 of 1st period - Andrew Ladd is hit by Erik Haula and loses puck.
15:25 of 1st period - Icing by Vince Hinostroza.
15:26 of 1st period - Kyle Turris wins face-off versus Miro Aaltonen in Jets zone.
15:29 of 1st period - Snap shot by Luke Witkowski.
15:29 of 1st period - Shot Misses the Net.
15:31 of 1st period - Snap shot by Mattias Ekholm.
15:31 of 1st period - Deflect By Kyle Turris.
15:31 of 1st period - Stopped by Jacob Markstrom without a rebound.
15:32 of 1st period - Kyle Turris wins face-off versus Ryan Johansen in Jets zone.
15:47 of 1st period - Snap shot by Tomas Tatar.
15:47 of 1st period - Deflect By Kyle Turris.
15:47 of 1st period - Stopped by Jacob Markstrom without a rebound.
15:48 of 1st period - Paul Stastny wins face-off versus Miro Aaltonen in Jets zone.
16:52 of 1st period - Slapshot by Peter Prucha.
16:52 of 1st period - Stopped by Jacob Markstrom with a rebound.
16:58 of 1st period - Wrist shot by Andrew Ladd.
16:58 of 1st period - Stopped by Jacob Markstrom with a rebound.
17:22 of 1st period - Wrist shot by Charlie Coyle.
17:22 of 1st period - Stopped by Jacob Markstrom without a rebound.
17:23 of 1st period - Paul Stastny wins face-off versus Miro Aaltonen in Jets zone.
17:38 of 1st period - Snap shot by Paul Stastny.
17:38 of 1st period - Stopped by Jacob Markstrom without a rebound.
17:39 of 1st period - Bryan Little wins face-off versus Marcus Johansson in Jets zone.
17:50 of 1st period - Wrist shot by Bryan Little.
17:50 of 1st period - Stopped by Jacob Markstrom with a rebound.
18:06 of 1st period - Snap shot by Paul Stastny.
18:06 of 1st period - Stopped by Jacob Markstrom with a rebound.
18:08 of 1st period - Slapshot by Danny Richmond.
18:08 of 1st period - Goal by Danny Richmond - Avalanche : 1 - Jets : 1.
18:09 of 1st period - Paul Stastny wins face-off versus Ryan Johansen in neutral zone.
18:17 of 1st period - Minor Penalty to Robert Hagg for Hooking.
18:18 of 1st period - Noel Acciari wins face-off versus Patric Hornqvist in Jets zone.
19:15 of 1st period - Colten Teubert is hit by Tyler Myers and loses puck.
Goals for this period are 1 for Avalanche vs 1 for Jets.
Shots for this period are 16 for Avalanche vs 14 for Jets.
2nd period
0:01 of 2nd period - Bryan Little wins face-off versus Noel Acciari in neutral zone.
0:08 of 2nd period - Wrist shot by Patric Hornqvist.
0:08 of 2nd period - Shot Blocked by Ronalds Kenins.
0:10 of 2nd period - Snap shot by Bryan Little.
0:10 of 2nd period - Shot Misses the Net.
0:12 of 2nd period - Wrist shot by Patric Hornqvist.
0:12 of 2nd period - Deflect By Bryan Little.
0:12 of 2nd period - Shot Misses the Net.
0:12 of 2nd period - Puck is out of play.
0:13 of 2nd period - Noel Acciari wins face-off versus Bryan Little in Jets zone.
0:13 of 2nd period - Noel Acciari is hit by Patric Hornqvist.
0:17 of 2nd period - Penalty to Robert Hagg is over, Robert Hagg is back on ice.
1:01 of 2nd period - Andrew Ladd is hit by Tyler Myers and loses puck.
1:24 of 2nd period - Slapshot by Danny Richmond.
1:24 of 2nd period - Shot Misses the Net.
1:26 of 2nd period - Minor Penalty to Marco Scandella for Hooking.
1:27 of 2nd period - Ronalds Kenins wins face-off versus Bryan Little in Jets zone.
2:20 of 2nd period - Colten Teubert is hit by Dougie Hamilton and loses puck.
2:29 of 2nd period - Noel Acciari is hit by Bryan Little and loses puck.
2:50 of 2nd period - Paul Stastny is hit by Nino Niederreiter and loses puck.
3:26 of 2nd period - Penalty to Marco Scandella is over, Marco Scandella is back on ice.
3:57 of 2nd period - Charlie Coyle is hit by Erik Haula.
5:04 of 2nd period - Off-side.
5:05 of 2nd period - Charlie Coyle wins face-off versus Noel Acciari in neutral zone.
5:16 of 2nd period - Slapshot by Jimmy Vesey.
5:16 of 2nd period - Stopped by Cam Ward with a rebound.
5:37 of 2nd period - Wrist shot by Erik Haula.
5:37 of 2nd period - Stopped by Cam Ward without a rebound.
5:38 of 2nd period - Mikkel Boedker wins face-off versus Ryan Johansen in Avalanche zone.
6:05 of 2nd period - Snap shot by Mikkel Boedker.
6:05 of 2nd period - Shot Misses the Net.
6:07 of 2nd period - Wrist shot by Bryan Little.
6:07 of 2nd period - Stopped by Jacob Markstrom without a rebound.
6:08 of 2nd period - Paul Stastny wins face-off versus Derek Stepan in Jets zone.
6:17 of 2nd period - Snap shot by Derek Stepan.
6:17 of 2nd period - Shot Misses the Net.
6:19 of 2nd period - Snap shot by Marcus Johansson.
6:19 of 2nd period - Stopped by Cam Ward without a rebound.
6:20 of 2nd period - Ryan Johansen wins face-off versus Bryan Little in Avalanche zone.
6:23 of 2nd period - Snap shot by Adam Henrique.
6:23 of 2nd period - Stopped by Cam Ward without a rebound.
6:24 of 2nd period - Bryan Little wins face-off versus Ryan Johansen in Avalanche zone.
6:35 of 2nd period - Victor Hedman is hit by Mikkel Boedker and loses puck.
6:54 of 2nd period - Off-side.
6:55 of 2nd period - Derek Stepan wins face-off versus Paul Stastny in neutral zone.
7:04 of 2nd period - Snap shot by Marcus Johansson.
7:04 of 2nd period - Shot Misses the Net.
7:12 of 2nd period - Wrist shot by Marcus Johansson.
7:12 of 2nd period - Shot Misses the Net.
7:20 of 2nd period - Slapshot by Derek Stepan.
7:20 of 2nd period - Shot Blocked by Paul Stastny.
7:27 of 2nd period - Double Minor Penalty to James Van Riemsdyk for High sticking.
7:28 of 2nd period - Charlie Coyle wins face-off versus Derek Stepan in Avalanche zone.
8:43 of 2nd period - Wrist shot by Ryan Johansen.
8:43 of 2nd period - Shot Misses the Net.
8:45 of 2nd period - Snap shot by Ryan Johansen.
8:45 of 2nd period - Goal by Ryan Johansen - Avalanche : 1 - Jets : 2.
8:46 of 2nd period - Charlie Coyle wins face-off versus Derek Stepan in neutral zone.
8:49 of 2nd period - Slapshot by Marc Staal.
8:49 of 2nd period - Stopped by Jacob Markstrom without a rebound.
8:50 of 2nd period - Derek Stepan wins face-off versus Charlie Coyle in Jets zone.
8:55 of 2nd period - Slapshot by Marco Scandella.
8:55 of 2nd period - Shot Blocked by Charlie Coyle.
9:39 of 2nd period - Dougie Hamilton is hit by Kyle Turris and loses puck.
9:54 of 2nd period - Colten Teubert is hit by Nino Niederreiter and loses puck.
10:25 of 2nd period - Victor Hedman is hit by Marc Staal and loses puck.
10:45 of 2nd period - Penalty to James Van Riemsdyk is over, James Van Riemsdyk is back on ice.
11:07 of 2nd period - Michael Matheson is hit by Erik Karlsson and loses puck.
11:24 of 2nd period - Noel Acciari is hit by Mattias Ekholm and loses puck.
11:36 of 2nd period - Patric Hornqvist is hit by Noel Acciari and loses puck.
12:39 of 2nd period - Peter Prucha is hit by Nino Niederreiter and loses puck.
13:07 of 2nd period - Evgeny Dadonov is hit by Tyler Myers and loses puck.
13:50 of 2nd period - Wrist shot by Jimmy Vesey.
13:50 of 2nd period - Stopped by Cam Ward with a rebound.
14:08 of 2nd period - Minor Penalty to James Van Riemsdyk for Roughing.
14:09 of 2nd period - Ryan Johansen wins face-off versus Charlie Coyle in Avalanche zone.
14:46 of 2nd period - Snap shot by Kyle Turris.
14:46 of 2nd period - Shot Misses the Net.
15:57 of 2nd period - Marc Staal is hit by Derek Stepan and loses puck.
16:08 of 2nd period - Penalty to James Van Riemsdyk is over, James Van Riemsdyk is back on ice.
16:12 of 2nd period - Snap shot by Jack Johnson.
16:12 of 2nd period - Stopped by Jacob Markstrom with a rebound.
16:22 of 2nd period - Wrist shot by Erik Haula.
16:22 of 2nd period - Goal by Erik Haula - Avalanche : 1 - Jets : 3.
16:23 of 2nd period - Miro Aaltonen wins face-off versus Bryan Little in neutral zone.
16:26 of 2nd period - Wrist shot by Miro Aaltonen.
16:26 of 2nd period - Stopped by Cam Ward without a rebound.
16:27 of 2nd period - Bryan Little wins face-off versus Miro Aaltonen in Avalanche zone.
16:38 of 2nd period - Victor Hedman is hit by Colten Teubert and loses puck.
17:05 of 2nd period - Slapshot by Adam Henrique.
17:05 of 2nd period - Stopped by Cam Ward with a rebound.
17:43 of 2nd period - Slapshot by Erik Karlsson.
17:43 of 2nd period - Stopped by Jacob Markstrom without a rebound.
17:44 of 2nd period - Bryan Little wins face-off versus Ryan Johansen in Jets zone.
18:13 of 2nd period - Slapshot by Mikkel Boedker.
18:13 of 2nd period - Stopped by Jacob Markstrom without a rebound.
18:14 of 2nd period - Ryan Johansen wins face-off versus Evgeny Dadonov in Jets zone.
18:37 of 2nd period - Minor Penalty to Tyler Myers for Roughing.
18:38 of 2nd period - Mikkel Boedker wins face-off versus Noel Acciari in Jets zone.
18:47 of 2nd period - Wrist shot by Patric Hornqvist.
18:47 of 2nd period - Shot Blocked by Noel Acciari.
18:49 of 2nd period - Wrist shot by Bryan Little.
18:49 of 2nd period - Shot Blocked by Noel Acciari.
18:51 of 2nd period - Backhand shot by Patric Hornqvist.
18:51 of 2nd period - Goal by Patric Hornqvist - Avalanche : 2 - Jets : 3.
18:52 of 2nd period - Bryan Little wins face-off versus Ryan Johansen in neutral zone.
19:03 of 2nd period - Wrist shot by Bryan Little.
19:03 of 2nd period - Shot Misses the Net.
19:05 of 2nd period - Snap shot by Mikkel Boedker.
19:05 of 2nd period - Goal by Mikkel Boedker - Avalanche : 3 - Jets : 3.
19:06 of 2nd period - Bryan Little wins face-off versus Ryan Johansen in neutral zone.
19:17 of 2nd period - Slapshot by Bryan Little.
19:17 of 2nd period - Shot Misses the Net.
19:19 of 2nd period - Slapshot by Patric Hornqvist.
19:19 of 2nd period - Stopped by Jacob Markstrom with a rebound.
19:21 of 2nd period - Slapshot by Marc Staal.
19:21 of 2nd period - Deflect By Victor Hedman.
19:21 of 2nd period - Stopped by Jacob Markstrom with a rebound.
Goals for this period are 2 for Avalanche vs 2 for Jets.
Shots for this period are 9 for Avalanche vs 9 for Jets.
3rd period
0:01 of 3rd period - Ryan Johansen wins face-off versus Bryan Little in neutral zone.
0:32 of 3rd period - Slapshot by Evgeny Dadonov.
0:32 of 3rd period - Stopped by Jacob Markstrom without a rebound.
0:33 of 3rd period - Paul Stastny wins face-off versus Ryan Johansen in Jets zone.
0:40 of 3rd period - James Van Riemsdyk is hit by Corey Perry and loses puck.
1:02 of 3rd period - Icing by Nino Niederreiter.
1:03 of 3rd period - Bryan Little wins face-off versus Derek Stepan in Jets zone.
1:12 of 3rd period - Slapshot by Victor Hedman.
1:12 of 3rd period - Shot Blocked by Patric Hornqvist.
1:16 of 3rd period - Snap shot by Marcus Johansson.
1:16 of 3rd period - Stopped by Cam Ward with a rebound.
1:18 of 3rd period - Wrist shot by Marcus Johansson.
1:18 of 3rd period - Stopped by Cam Ward with a rebound.
1:20 of 3rd period - Snap shot by Derek Stepan.
1:20 of 3rd period - Shot Blocked by Marc Staal.
1:26 of 3rd period - Snap shot by Nino Niederreiter.
1:26 of 3rd period - Goal by Nino Niederreiter - Avalanche : 3 - Jets : 4.
1:27 of 3rd period - Bryan Little wins face-off versus Ryan Johansen in neutral zone.
1:32 of 3rd period - Slapshot by Mattias Ekholm.
1:32 of 3rd period - Stopped by Jacob Markstrom without a rebound.
1:33 of 3rd period - Ryan Johansen wins face-off versus Bryan Little in Jets zone.
1:33 of 3rd period - Ryan Johansen is hit by Bryan Little.
1:47 of 3rd period - Snap shot by Corey Perry.
1:47 of 3rd period - Shot Blocked by Bryan Little.
1:49 of 3rd period - Wrist shot by Ryan Johansen.
1:49 of 3rd period - Shot Blocked by Bryan Little.
1:55 of 3rd period - Minor Penalty to Mattias Ekholm for Tripping.
1:56 of 3rd period - Nino Niederreiter wins face-off versus Charlie Coyle in Avalanche zone.
1:57 of 3rd period - Snap shot by Ryan Johansen.
1:57 of 3rd period - Stopped by Cam Ward with a rebound.
3:11 of 3rd period - Icing by Corey Perry.
3:12 of 3rd period - Derek Stepan wins face-off versus Peter Prucha in Jets zone.
3:55 of 3rd period - Penalty to Mattias Ekholm is over, Mattias Ekholm is back on ice.
4:57 of 3rd period - Snap shot by Jack Johnson.
4:57 of 3rd period - Shot Misses the Net.
4:59 of 3rd period - Slapshot by Marc Staal.
4:59 of 3rd period - Stopped by Jacob Markstrom with a rebound.
5:01 of 3rd period - Snap shot by Luke Witkowski.
5:01 of 3rd period - Stopped by Jacob Markstrom without a rebound.
5:02 of 3rd period - Charlie Coyle wins face-off versus Ryan Johansen in Jets zone.
5:37 of 3rd period - Mikkel Boedker is hit by Tyler Myers and loses puck.
5:52 of 3rd period - Backhand shot by Tyler Myers.
5:52 of 3rd period - Shot Blocked by Erik Karlsson.
6:35 of 3rd period - Slapshot by Ryan Johansen.
6:35 of 3rd period - Stopped by Cam Ward without a rebound.
6:36 of 3rd period - Ryan Johansen wins face-off versus Peter Prucha in Avalanche zone.
6:37 of 3rd period - Wrist shot by Adam Henrique.
6:37 of 3rd period - Shot Misses the Net.
7:34 of 3rd period - Peter Prucha is hit by Corey Perry and loses puck.
7:49 of 3rd period - Slapshot by Ryan Johansen.
7:49 of 3rd period - Shot Blocked by Marc Staal.
7:51 of 3rd period - Wrist shot by Corey Perry.
7:51 of 3rd period - Shot Blocked by Marc Staal.
7:53 of 3rd period - Backhand shot by Adam Henrique.
7:53 of 3rd period - Stopped by Cam Ward without a rebound.
7:54 of 3rd period - Derek Stepan wins face-off versus Bryan Little in Avalanche zone.
8:07 of 3rd period - Snap shot by Mikkel Boedker.
8:07 of 3rd period - Stopped by Jacob Markstrom with a rebound.
8:27 of 3rd period - Mikkel Boedker is hit by Michael Matheson and loses puck.
9:00 of 3rd period - Slapshot by Michael Matheson.
9:00 of 3rd period - Shot Misses the Net.
9:39 of 3rd period - Snap shot by Michael Matheson.
9:39 of 3rd period - Shot Blocked by Patric Hornqvist.
9:47 of 3rd period - Snap shot by Mikkel Boedker.
9:47 of 3rd period - Shot Misses the Net.
9:49 of 3rd period - Slapshot by Bryan Little.
9:49 of 3rd period - Deflect By Mikkel Boedker.
9:49 of 3rd period - Stopped by Jacob Markstrom without a rebound.
9:50 of 3rd period - Derek Stepan wins face-off versus Paul Stastny in Jets zone.
10:01 of 3rd period - Slapshot by Nino Niederreiter.
10:01 of 3rd period - Shot Blocked by James Van Riemsdyk.
10:17 of 3rd period - Tyler Myers is hit by Peter Prucha and loses puck.
11:14 of 3rd period - Snap shot by Derek Stepan.
11:14 of 3rd period - Shot Blocked by Colten Teubert.
11:29 of 3rd period - Colten Teubert is hit by Tyler Myers and loses puck.
12:09 of 3rd period - Icing by Ryan Johansen.
12:10 of 3rd period - Derek Stepan wins face-off versus Kyle Turris in Jets zone.
12:17 of 3rd period - Marcus Johansson is hit by Kyle Turris and loses puck.
12:38 of 3rd period - Vince Hinostroza is hit by Andrew Ladd and loses puck.
13:41 of 3rd period - Slapshot by Colten Teubert.
13:41 of 3rd period - Stopped by Jacob Markstrom without a rebound.
13:42 of 3rd period - Derek Stepan wins face-off versus Paul Stastny in Jets zone.
13:48 of 3rd period - Victor Hedman is hit by Marc Staal and loses puck.
14:09 of 3rd period - Jack Johnson is hit by Ryan Johansen and loses puck.
14:39 of 3rd period - Marc Staal is hit by Erik Haula and loses puck.
14:56 of 3rd period - Snap shot by Ronalds Kenins.
14:56 of 3rd period - Shot Misses the Net.
15:12 of 3rd period - Marcus Johansson is hit by Bryan Little and loses puck.
16:07 of 3rd period - Wrist shot by Andrew Ladd.
16:07 of 3rd period - Stopped by Jacob Markstrom without a rebound.
16:08 of 3rd period - Peter Prucha wins face-off versus Jimmy Vesey in Jets zone.
16:17 of 3rd period - Slapshot by Tyler Myers.
16:17 of 3rd period - Shot Misses the Net.
16:19 of 3rd period - Slapshot by Victor Hedman.
16:19 of 3rd period - Stopped by Cam Ward without a rebound.
16:20 of 3rd period - Miro Aaltonen wins face-off versus Charlie Coyle in Avalanche zone.
16:21 of 3rd period - Slapshot by Erik Haula.
16:21 of 3rd period - Stopped by Cam Ward with a rebound.
16:23 of 3rd period - Slapshot by Victor Hedman.
16:23 of 3rd period - Goal by Victor Hedman - Avalanche : 3 - Jets : 5.
16:24 of 3rd period - Miro Aaltonen wins face-off versus Charlie Coyle in neutral zone.
16:51 of 3rd period - Wrist shot by Paul Stastny.
16:51 of 3rd period - Stopped by Jacob Markstrom with a rebound.
16:53 of 3rd period - Slapshot by Marc Staal.
16:53 of 3rd period - Deflect By Evgeny Dadonov.
16:53 of 3rd period - Shot Misses the Net.
16:53 of 3rd period - Puck is out of play.
16:54 of 3rd period - Evgeny Dadonov wins face-off versus Ryan Johansen in Jets zone.
17:35 of 3rd period - Wrist shot by Andrew Ladd.
17:35 of 3rd period - Shot Misses the Net.
17:43 of 3rd period - Minor Penalty to Nino Niederreiter for Tripping.
17:44 of 3rd period - Bryan Little wins face-off versus Ronalds Kenins in Jets zone.
18:22 of 3rd period - Dougie Hamilton is hit by James Van Riemsdyk and loses puck.
18:33 of 3rd period - Snap shot by Mikkel Boedker.
18:33 of 3rd period - Stopped by Jacob Markstrom without a rebound.
18:34 of 3rd period - Erik Haula wins face-off versus Bryan Little in Jets zone.
18:45 of 3rd period - Marco Scandella is hit by Jack Johnson and loses puck.
19:04 of 3rd period - Victor Hedman is hit by Paul Stastny and loses puck.
19:43 of 3rd period - Penalty to Nino Niederreiter is over, Nino Niederreiter is back on ice.
19:51 of 3rd period - Snap shot by Nino Niederreiter.
19:51 of 3rd period - Shot Blocked by Marc Staal.
19:53 of 3rd period - Slapshot by Dougie Hamilton.
19:53 of 3rd period - Deflect By Ronalds Kenins.
19:53 of 3rd period - Shot Blocked by Patric Hornqvist.
19:53 of 3rd period - Puck is out of play.
19:54 of 3rd period - Derek Stepan wins face-off versus Bryan Little in Avalanche zone.
Goals for this period are 0 for Avalanche vs 2 for Jets.
Shots for this period are 10 for Avalanche vs 9 for Jets.
0:00 - Minor Penalty to Patric Hornqvist for Interference.
Goals for this period are 0 for Avalanche vs 2 for Jets.
Shots for this period are 10 for Avalanche vs 9 for Jets.
Output by the SimonT Hockey Simulator (STHS) for Francois Prevost